 Dungeon Crawl Stone Soup version 0.29.1-4-g47bece8355 (webtiles) character file.

Game seed: 342282344728258393

56074 warriortoast the Marksspriggan (level 14, 0/67 (70) HPs)
             Began as a Spriggan Hunter on Dec 5, 2022.
             Was the Champion of Fedhas.
             Slain by a +2 demon trident of draining (26 damage)
             ... on level 13 of the Dungeon.
             The game lasted 01:10:49 (24119 turns).

warriortoast the Marksspriggan (Spriggan Hunter)   Turns: 24119, Time: 01:10:50

HP:   0/67 (70)     AC: 10    Str:  4    XL:     14   Next: 40%
MP:   22/22         EV: 30    Int: 11    God:    Fedhas [******]
Gold: 873           SH:  0    Dex: 18    Spells: 11/20 levels left

rFire   . . .      SeeInvis +   y - +6 arbalest (flame)
rCold   . . .      Faith    .   (shield currently unavailable)
rNeg    + + .      Spirit   .   r - +1 steam dragon scales
rPois   +          Reflect  .   u - +1 hat {Stlth+}
rElec   +          Harm     .   m - +2 cloak {rPois}
rCorr   .          Rampage  .   (gloves unavailable)
Will    ++...                   (boots unavailable)
Stlth   +++++++++.              C - amulet of regeneration
HPRegen 1.01/turn               J - ring of Light {+Blink Fly Dex-3 SInv Stlth+}
MPRegen 0.18/turn               w - ring of Vanid {rElec rN++ EV+4 Str-5 Stlth+}

@: flying, lightly drained, very quick
A: very small, no large weapons, unfitting armour, see invisible, speed 3
a: Renounce Religion, Evoke Blink, Wall of Briars, Grow Ballistomycete,
Overgrow, Grow Oklob


You were on level 13 of the Dungeon.
You worshipped Fedhas.
Fedhas was exalted by your worship.
You visited 5 branches of the dungeon, and saw 21 of its levels.
You also visited: Sewer.

You collected 1932 gold pieces.
You spent 1059 gold pieces at shops.

Inventory:

Hand Weapons
 a - a +1 shortbow
 y - a +6 arbalest of flaming (weapon)
Missiles
 l - 5 throwing nets
Armour
 m - a +2 cloak of poison resistance (worn)
 r - +1 steam dragon scales (worn)
 u - a +1 hat of stealth (worn)
 z - a +1 robe of positive energy
 P - a scarf of invisibility
Magical Staves
 H - a staff of air
Jewellery
 k - a +6 ring of strength
 t - a ring of wizardry
 v - an amulet of magic regeneration
 w - the ring of Vanid (right hand) {rElec rN++ EV+4 Str-5 Stlth+}
   (You bought it in a shop on level 2 of the Orcish Mines)

   [ring of evasion]

   EV:        It affects your evasion (+4).
   Str:       It affects your strength (-5).
   rElec:     It insulates you from electricity.
   rN:        It greatly protects you from negative energy.
   Stlth:     It makes you more stealthy.
 A - a ring of flight
 C - an amulet of regeneration (around neck)
 D - a +6 ring of intelligence
 J - the ring of Light (left hand) {+Blink Fly Dex-3 SInv Stlth+}
   (You found it on level 8 of the Dungeon)

   [ring of see invisible]

   Dex:       It affects your dexterity (-3).
   SInv:      It lets you see invisible.
   Fly:       It grants you flight.
   +Blink:    It lets you blink.
   Stlth:     It makes you more stealthy.
 L - a +4 ring of evasion
 M - a ring of protection from cold
 Q - a ring of fire
 T - a ring of positive energy
Wands
 i - a wand of iceblast (27)
 G - a wand of charming (23)
 I - a wand of digging (7)
 N - a wand of mindburst (7)
 O - a wand of flame (37)
Scrolls
 b - 5 scrolls of immolation
 c - a scroll of magic mapping
 d - 10 scrolls of identify
 h - 12 scrolls of teleportation
 j - 4 scrolls of fear
 x - 3 scrolls of amnesia
 B - a scroll of summoning
 F - 4 scrolls of poison
 K - a scroll of silence
 R - 2 scrolls of butterflies
 S - a scroll of blinking
Potions
 e - 10 potions of flight
 f - 6 potions of might
 g - a potion of resistance
 n - 9 potions of curing
 o - 6 potions of haste
 p - 5 potions of heal wounds
 q - a potion of berserk rage
 s - 2 potions of mutation
 E - 3 potions of attraction
 U - 5 potions of ambrosia


   Skills:
 - Level 6.8 Fighting
 + Level 17.5 Ranged Weapons
 - Level 12.0 Dodging
 - Level 15.0 Stealth
 - Level 3.5 Spellcasting
 - Level 3.7 Hexes
 - Level 10.0 Invocations
 - Level 3.9 Evocations


You had 11 spell levels left.
You knew the following spells:

 Your Spells              Type           Power      Damage    Failure   Level
a - Cause Fear            Hex            5%         N/A       47%         4
b - Silence               Hex/Air        3%         N/A       97%         5

Your spell library contained the following spells:

 Spells                   Type           Power      Damage    Failure   Level
 Apportation              Tloc           2%         N/A       26%         1
 Magic Dart               Conj           4%         1d3       26%         1
 Necrotise                Necr           4%         1d4       26%         1
 Sandblast                Erth           2%         2d4       26%         1
 Summon Small Mammal      Summ           4%         N/A       26%         1
 Dazzling Flash           Conj/Hex       12%        N/A       34%         3
 Summon Guardian Golem    Hex/Summ       6%         N/A       34%         3
 Blink                    Tloc           2%         N/A       36%         2
 Call Imp                 Summ           1%         N/A       36%         2
 Passwall                 Tmut/Erth      0%         N/A       36%         2
 Static Discharge         Conj/Air       1%         3-4/arc   36%         2
 Call Canine Familiar     Summ           1%         N/A       58%         3
 Conjure Flame            Conj/Fire      1%         6-21      58%         3
 Ignite Poison            Fire/Tmut/Pois 1%         N/A       58%         3
 Mephitic Cloud           Conj/Pois/Air  1%         N/A       58%         3
 Stone Arrow              Conj/Erth      2%         3d7       58%         3
 Vampiric Draining        Necr           1%         2d6       58%         3
 Leda's Liquefaction      Hex/Erth       3%         N/A       75%         4
 Animate Armour           Summ/Erth      2%         N/A       94%         4
 Animate Dead             Necr           1%         N/A       94%         4
 Dispel Undead            Necr           1%         3d6       94%         4
 Hailstorm                Conj/Ice       1%         3d3       94%         4
 Sticky Flame             Conj/Fire      1%         2d3       94%         4
 Agony                    Necr           1%         N/A       100%        5
 Alistair's Intoxication  Tmut/Pois      0%         N/A       100%        5
 Borgnjor's Vile Clutch   Necr/Erth      0%         N/A       100%        5
 Freezing Cloud           Conj/Ice/Air   0%         6-21      100%        5
 Lee's Rapid Deconstruct  Erth           0%         3d5*      100%        5
 Manifold Assault         Tloc           1%         N/A       100%        5
 Conjure Ball Lightning   Conj/Air       0%         3x3d6     100%        6
 Eringya's Noxious Bog    Tmut/Pois      0%         N/A       100%        6
 Statue Form              Tmut/Erth      0%         N/A       100%        6
 Dragon Form              Tmut           0%         N/A       100%        7
 Haunt                    Necr/Summ      0%         N/A       100%        7
 Storm Form               Tmut/Air       0%         N/A       100%        7
 Infestation              Necr           0%         N/A       100%        8
 Lehudib's Crystal Spear  Conj/Erth      0%         10d2      100%        8
 Dragon's Call            Summ           0%         N/A       100%        9


Dungeon Overview and Level Annotations

Branches:
Dungeon (13/15)            Temple (1/1) D:5            Lair (4/5) D:8
  Swamp (1/4) Lair:2        Snake (0/4) Lair:2          Orc (2/2) D:9
    Elf (0/3) Orc:2         Sewer (visited)
  Slime: Lair:4-5    Vaults: D:13-14

Altars:
Ashenzari
Cheibriados
Dithmenos
Elyvilon
Fedhas
Gozag
Hepliaklqana
Kikubaaqudgha
Makhleb
Nemelex Xobeh
Okawaru
Qazlal
Ru
Sif Muna
Trog
Uskayaw
Vehumet
Wu Jian
Xom
Yredelemnul
Zin
The Shining One

Shops:
Orc:1 (   Orc:2 =?*=

Annotations:
D:10 exclusion: downstairs
Orc:2 3 runed translucent doors, zeram's ghost, journeyman HOFi


Innate Abilities, Weirdness & Mutations

You are very small and have problems with some larger weapons.
You are too small for most types of armour.
You have supernaturally acute eyesight. (SInv)
You cover ground extremely quickly. (Speed+++)


Message History

No target in view!
No target in view!
No target in view!
No target in view!
No target in view!
No target in view!
No target in view!
No target in view!
No target in view!
No target in view!
No target in view!
No target in view!
No target in view!
No target in view!
You see here a killer bee corpse.
Found a yak corpse.
You see here a killer bee corpse.
Found a yak corpse.
Found two yak corpses.
Found two yak corpses.
You reach down and open the door.
You shoot a bolt.
The bolt closely misses the +2 demon trident of draining.
You shoot a bolt.
The bolt hits the +2 demon trident of draining!
The bolt burns the +2 demon trident of draining.
The +2 demon trident of draining is severely damaged.
You shoot a bolt.
The bolt barely misses the +2 demon trident of draining.
The bolt misses the +2 demon blade of draining.
The +2 demon trident of draining hits you from afar!!
You partially resist.
You feel drained.
You shoot a bolt.
The bolt misses the +2 demon trident of draining.
The bolt closely misses the +2 demon blade of draining.
The +2 demon trident of draining hits you from afar!!
You partially resist.
You feel drained.
The +2 demon trident of draining hits you from afar!!
You die...
Fedhas appreciates your contribution to the ecosystem.

...#......#############.###
...#†..†..##.........##...#######
...#....†.##............#.......#
...########..............######).
......# ##................# ###
####### #...............(.## #
#........((........# ##
##.................# .####
#......@.........## ....#
##...............# ....#
####.........#.## ...##
####...###### .### ##### ##


You could see 2 dancing weapons.

Vanquished Creatures
  A boulder beetle (D:12)
  4 hydras
  Erolcha (D:12)
  2 centaur warriors
  A catoblepas (Lair:4)
  A tengu warrior (D:13)
  7 orc high priests (Orc:2)
  Sonja (D:13)
  Amaemon (Lair:2)
  5 skeletal warriors
  Pikel (D:4)
  2 deep elf zephyrmancers (Orc:2)
  2 deep elf pyromancers (D:13)
  An orc knight (Orc:2)
  An ugly thing (D:13)
  10 elephants
  A manticore (D:12)
  3 cyclopes
  6 black mambas
  A gargoyle (D:13)
  An orange demon (Lair:1)
  8 cane toads
  A kobold demonologist (D:12)
  Maggie (D:7)
  A komodo dragon (Lair:3)
  A tengu conjurer (D:13)
  A queen bee (D:13)
  6 trolls
  A hornet (shapeshifter) (D:13)
  3 meliai (D:13)
  19 slime creatures
  A hornet (D:10)
  17 blink frogs
  Sigmund (D:4)
  2 wyverns
  A vampire (D:12)
  35 yaks
  A basilisk (D:12)
  A steam dragon (D:8)
  11 wargs
  Menkaure (D:5)
  5 vampire mosquitoes
  2 acid dragons
  12 water moccasins
  2 ice beasts (D:5)
  A swamp drake (Orc:2)
  11 orc warriors
  2 sky beasts (D:7)
  2 black bears
  9 ogres
  2 centaurs
  15 wolves
  6 kobold brigands
  Blork the orc (D:5)
  8 bullfrogs
  2 gnoll sergeants
  5 necrophages
  A scorpion (D:4)
  10 wights
  20 killer bees
  A howler monkey (D:4)
  An electric eel (Lair:2)
  A crimson imp (Orc:2)
  2 bullfrog zombies (D:6)
  2 centaur zombies (D:6)
  2 gnoll boudas
  3 hounds
  2 jellies
  A human zombie (D:6)
  Crazy Yiuf (D:3)
  5 iguanas
  An iron imp (Orc:2)
  34 orc priests
  15 orc wizards
  Natasha (thrice) (D:2)
  A merfolk siren (Sewer)
  Terence (D:2)
  A merfolk avatar (Sewer)
  A howler monkey zombie (D:6)
  A mummy (D:6)
  Robin (D:4)
  21 gnolls
  10 adders
  4 river rats (Sewer)
  A shadow imp (Orc:2)
  3 white imps
  2 worms
  2 dart slugs
  80 orcs
  6 bats
  5 endoplasms
  14 giant cockroaches
  9 hobgoblins
  16 jackals
  9 quokkas
  3 training dummies (Orc:1)
  13 ball pythons
  8 frilled lizards
  12 goblins
  28 kobolds
  22 rats
630 creatures vanquished.

Vanquished Creatures (collateral kills)
  Nessos (Lair:4)
1 creature vanquished.

Vanquished Creatures (others)
  An orc (Orc:2)
  A bush (Lair:1)
  15 fungi
  24 plants
41 creatures vanquished.

Grand Total: 672 creatures vanquished

Notes
Turn   | Place    | Note
-------+----------+-------------------------------------------
     0 | D:1      | warriortoast the Spriggan Hunter began the quest for the
                  | Orb.
     0 | D:1      | Reached XP level 1. HP: 10/10 MP: 2/2
   176 | D:1      | Reached XP level 2. HP: 15/15 MP: 3/3
   247 | D:1      | Found a faded altar of an unknown god.
   428 | D:1      | Reached XP level 3. HP: 18/18 MP: 4/4
   844 | D:2      | Reached XP level 4. HP: 21/23 MP: 5/5
   866 | D:2      | Noticed Terence
   938 | D:2      | Killed Terence
  1121 | D:2      | Noticed Natasha
  1128 | D:2      | Killed Natasha
  1181 | D:2      | Noticed Natasha
  1186 | D:2      | Killed Natasha
  1187 | D:2      | Reached XP level 5. HP: 27/27 MP: 6/6
  1441 | D:2      | Noticed Natasha
  1451 | D:2      | Killed Natasha
  2123 | D:3      | Reached skill level 5 in Ranged Weapons
  2132 | D:3      | Found a stormy altar of Qazlal.
  2176 | D:3      | Reached XP level 6. HP: 32/32 MP: 7/7
  2239 | D:3      | Found a runed translucent door.
  2240 | D:3      | Noticed Crazy Yiuf
  2359 | D:3      | Found a hazy altar of Hepliaklqana.
  2406 | D:3      | Found a burning altar of Makhleb.
  2604 | D:3      | Killed Crazy Yiuf
  2605 | D:3      | Reached skill level 5 in Stealth
  2833 | D:3      | Reached skill level 5 in Dodging
  2871 | D:4      | Noticed Sigmund
  3120 | D:4      | Noticed Pikel
  3124 | D:4      | Noticed Robin
  3262 | D:4      | Killed Pikel
  3263 | D:4      | Reached skill level 6 in Ranged Weapons
  3263 | D:4      | Reached XP level 7. HP: 36/37 MP: 8/8
  3499 | D:4      | Killed Robin
  3833 | D:4      | Killed Sigmund
  3834 | D:4      | Reached XP level 8. HP: 36/42 MP: 9/9
  3901 | D:5      | Entered Level 5 of the Dungeon
  3926 | D:5      | Found a glowing drain.
  3942 | Sewer    | Entered a sewer
  4432 | D:5      | Noticed Blork the orc
  4439 | D:5      | Noticed Menkaure
  4455 | D:5      | Killed Blork the orc
  4647 | D:5      | Found a staircase to the Ecumenical Temple.
  4658 | Temple   | Entered the Ecumenical Temple
  4844 | Temple   | Became a worshipper of Fedhas Madash
  5777 | D:5      | Killed Menkaure
  5778 | D:5      | Reached skill level 5 in Fighting
  5778 | D:5      | Reached skill level 7 in Ranged Weapons
  6089 | D:6      | Reached XP level 9. HP: 35/47 MP: 10/10
  6441 | D:6      | Reached * piety under Fedhas
  6449 | D:6      | Found an ancient bone altar of Kikubaaqudgha.
  6720 | D:6      | Reached skill level 10 in Stealth
  7116 | D:6      | Reached skill level 8 in Ranged Weapons
  7436 | D:7      | Noticed Maggie
  7629 | D:7      | Reached ** piety under Fedhas
  7630 | D:7      | Reached skill level 9 in Ranged Weapons
  7939 | D:7      | Killed Maggie
  7940 | D:7      | Reached skill level 10 in Ranged Weapons
  8190 | D:7      | Reached XP level 10. HP: 53/53 MP: 11/11
  8837 | D:8      | Found a staircase to the Lair.
  8863 | D:8      | Reached skill level 11 in Ranged Weapons
  8920 | D:8      | Identified the ring of Light {+Blink Fly Dex-3 SInv Stlth+}
  9057 | D:8      | Reached *** piety under Fedhas
  9338 | D:8      | Reached skill level 12 in Ranged Weapons
  9559 | D:8      | Identified the +10 whip "Fijyishru" {drain, rF+ Will++
                  | SInv}
  9773 | D:9      | Found a staircase to the Orcish Mines.
 10683 | D:9      | Reached skill level 13 in Ranged Weapons
 10756 | D:10     | Entered Level 10 of the Dungeon
 10814 | D:10     | Got the Guide on Damage Dealing
 11137 | D:10     | Reached XP level 11. HP: 56/56 MP: 12/12
 11165 | D:10     | Reached **** piety under Fedhas
 11736 | D:11     | Noticed a skeletal warrior
 11736 | D:11     | Noticed a skeletal warrior
 11736 | D:11     | Noticed a skeletal warrior
 11736 | D:11     | Noticed a skeletal warrior
 11781 | D:11     | Noticed a skeletal warrior
 12200 | Lair:1   | Entered Level 1 of the Lair of Beasts
 12200 | Lair:1   | Noticed a seven-headed hydra
 12586 | Orc:1    | Entered Level 1 of the Orcish Mines
 13134 | D:9      | Reached skill level 1 in Hexes
 13134 | D:9      | Reached skill level 1 in Evocations
 13333 | D:9      | Reached skill level 1 in Spellcasting
 13465 | D:8      | Killed a seven-headed hydra
 14102 | Lair:1   | Reached ***** piety under Fedhas
 15158 | Lair:2   | Noticed Amaemon
 15263 | Lair:2   | Noticed a four-headed hydra
 15291 | Lair:2   | Found a staircase to the Swamp.
 15442 | Lair:1   | Killed a four-headed hydra
 15443 | Lair:1   | Reached skill level 14 in Ranged Weapons
 15443 | Lair:1   | Reached skill level 10 in Dodging
 15443 | Lair:1   | Reached XP level 12. HP: 62/62 MP: 18/18
 15761 | Lair:2   | Killed Amaemon
 15927 | Lair:2   | Found a staircase to the Snake Pit.
 16273 | Swamp:1  | Entered Level 1 of the Swamp
 17183 | Lair:4   | Noticed Nessos
 17532 | Lair:4   | Killed Nessos
 17533 | Lair:4   | Reached skill level 1 in Invocations
 17670 | Lair:4   | Learned a level 4 spell: Cause Fear
 17676 | Lair:4   | Learned a level 5 spell: Silence
 17982 | Lair:4   | Reached skill level 15 in Ranged Weapons
 18041 | Lair:4   | Noticed a four-headed hydra
 18065 | Lair:4   | Killed a four-headed hydra
 18205 | Lair:4   | Noticed a four-headed hydra
 18323 | Lair:4   | Killed a four-headed hydra
 18324 | Lair:4   | Reached XP level 13. HP: 66/66 MP: 19/19
 18394 | Lair:4   | Reached skill level 15 in Stealth
 18553 | Lair:4   | Identified a scroll of acquirement
 18553 | Lair:4   | Acquired a +4 arbalest of flaming
 19383 | Orc:1    | Reached skill level 5 in Invocations
 19414 | Orc:1    | Found Fygul's Firing Range.
 19687 | Orc:2    | Entered Level 2 of the Orcish Mines
 19730 | Orc:2    | Reached ****** piety under Fedhas
 20039 | Orc:2    | Found a staircase to the Elven Halls.
 20121 | Orc:2    | Found a runed translucent gate.
 20121 | Orc:2    | Found a runed translucent gate.
 20121 | Orc:2    | Found a runed translucent gate.
 20743 | Orc:2    | Reached skill level 16 in Ranged Weapons
 20765 | Orc:2    | Found Jev Wira's Magic Scroll Emporium.
 20765 | Orc:2    | Found Firaany's Jewellery Boutique.
 20771 | Orc:2    | Bought a scroll of teleportation for 39 gold pieces
 20771 | Orc:2    | Bought a scroll of teleportation for 39 gold pieces
 20771 | Orc:2    | Bought a scroll of identify for 26 gold pieces
 20771 | Orc:2    | Bought a scroll of identify for 26 gold pieces
 20771 | Orc:2    | Bought a scroll of teleportation for 39 gold pieces
 21002 | Orc:2    | Found Eroeter's Jewellery Emporium.
 21002 | Orc:2    | Found Asefes's Assorted Antiques.
 21010 | Orc:2    | Bought the ring of Vanid {rElec rN++ EV+4 Str-5 Stlth+} for
                  | 686 gold pieces
 21023 | Orc:2    | Bought an embroidered scarf for 136 gold pieces
 21023 | Orc:2    | Bought a scroll labelled VIHOZE FIACUI for 17 gold pieces
 21023 | Orc:2    | Bought a potion of curing for 51 gold pieces
 21118 | Orc:2    | Found an iron altar of Okawaru.
 21118 | Orc:2    | Noticed zeram's ghost (journeyman HOFi)
 22160 | D:12     | Noticed Erolcha
 22173 | D:12     | Reached XP level 14. HP: 70/70 MP: 21/21
 22174 | D:12     | Killed Erolcha
 22711 | D:13     | Reached skill level 17 in Ranged Weapons
 23251 | D:13     | Noticed Sonja
 23253 | D:13     | Killed Sonja
 23291 | D:13     | Found a runed translucent door.
 23739 | D:13     | Reached skill level 10 in Invocations
 24119 | D:13     | Slain by a +2 demon trident of draining

Illustrated notes

Levels and vault maps discovered:
D:1:      dpeg_arrival_tiny_c, layout_basic, ebering_ecumenical_altar_box
D:2:      layout_rooms, serial_park_tiny_2, nicolae_elevator_lobby_asterisk,
          uniq_natasha, uniq_terence
D:3:      layout_rooms, mainiacjoe_overflow_big_doors,
          worldfamousw_hep_ancestral_shrine, uniq_crazy_yiuf_cottage
D:4:      layout_basic, uniq_robin, uniq_pikel, uniq_sigmund
D:5:      layout_rooms, minmay_temple_entry_statues, gup_sewer_entry_pipe,
          uniq_menkaure, uniq_blork_the_orc
D:6:      layout_basic, lemuel_mausoleum_altar_kikubaaqudgha,
          minmay_misc_feat_cross
D:7:      layout_basic, uniq_maggie
D:8:      layout_basic, lair_entry_dummy, serial_bayou_pond_a
D:9:      layout_roguey, orc_0_dummy, serial_park_tiny_2
D:10:     layout_basic, corner_web_ring
D:11:     layout_basic
D:12:     layout_big_octagon, uniq_erolcha
D:13:     layout_cave_pods, special_room [special_room_bee],
          nicolae_danse_macabre, uniq_sonja
Temple:   dpeg_five_rooms_temple
Lair:1:   layout_chaotic_city, serial_bayou_shore_a, grunt_megastairs_2,
          lemuel_fruit_tree, infiniplex_staircase_pool_2
Lair:2:   layout_hall_layers, minmay_swamp_entry_reptiles, dummy_snake_entry,
          nicolae_quartered_pool_little, infiniplex_staircase_pool, uniq_amaemon
Lair:3:   layout_roguey, serial_bayou_pond_d
Lair:4:   layout_cave_pods, patterned_corridor, uniq_nessos
Swamp:1:  layout_basic_swamp, nicolae_swamp_godswood, uniq_nikola
Orc:1:    layout_caves, basic_altar, abandoned_shop, nicolae_shop_firing_range
Orc:2:    st_orc_town, layout_caves, gammafunk_ghost_fury_of_okawaru,
          hangedman_minor_magic

Skill      XL: |  1  2  3  4  5  6  7  8  9 10 11 12 13 14 |
---------------+-------------------------------------------+-----
Stealth        | 2 3 4 7 9 10 12 14 15 | 15.0
Dodging        | 3 4 6 8 10 12 | 12.0
Fighting       | 2 4 5 6 |  6.8
Ranged Weapons | 5 6 7 10 13 14 15 16 17 | 17.5
Hexes          | 3 |  3.7
Evocations     | 3 |  3.9
Spellcasting   | 3 |  3.5
Invocations    | 3 8 10 | 10.0

Action                   |  1- 3 |  4- 6 |  7- 9 | 10-12 | 13-15 || total
-------------------------+-------+-------+-------+-------+-------++-------
 Fire: Shortbow          |    93 |   216 |   574 |  1685 |    73 ||  2641
       Arbalest          |       |       |       |       |   649 ||   649
Invok: Wall of Briars    |       |       |       |     4 |       ||     4
Evoke: Wand              |       |       |       |     3 |       ||     3
  Use: Scroll            |       |       |    10 |    13 |     5 ||    28
Armor: Robe              |     3 |    13 |    37 |       |       ||    53
       Steam dragon scal |       |       |       |    77 |    31 ||   108
Dodge: Dodged            |    21 |   100 |   253 |   881 |   462 ||  1717
